 Dungeon Crawl Stone Soup version 0.28-a0-1395-g4f6bc678fa (webtiles) character file.

Game seed: 12196785978969436988

173 HallandMoats the Skirmisher (level 5, -3/41 HPs)
             Began as a Demonspawn Fighter on Jan 5, 2022.
             Was a Believer of Qazlal.
             Slain by a gnoll (8 damage)
             ... on level 4 of the Dungeon.
             The game lasted 00:03:06 (2985 turns).

HallandMoats the Skirmisher (Demonspawn Fighter)    Turns: 2985, Time: 00:03:07

Health: -3/41      AC:  8    Str: 16    XL:     5   Next: 28%
Magic:  7/7        EV:  9    Int: 10    God:    Qazlal [**....]
Gold:   147        SH:  7    Dex: 14    Spells: 4/4 levels left

rFire   . . .      SeeInvis .   a - +0 long sword
rCold   + . .      Faith    .   c - +0 buckler
rNeg    . . .      Spirit   .   b - +0 scale mail
rPois   .          Reflect  .   (no helmet)
rElec   .          Harm     .   (no cloak)
rCorr   .          Rampage  .   (no gloves)
Will    .....                   (no boots)
Stlth   ..........              (no amulet)
HPRegen 0.13/turn               o - ring of protection from cold
MPRegen 0.10/turn               (no ring)

@: mighty
A: yellow scales 1, powered by pain 1
a: Renounce Religion, Upheaval


You were on level 4 of the Dungeon.
You worshipped Qazlal.
Qazlal was pleased with you.
You visited 1 branch of the dungeon, and saw 4 of its levels.

You collected 147 gold pieces.

Inventory:

Hand Weapons
 a - a +0 long sword (weapon)
Armour
 b - a +0 scale mail (worn)
 c - a +0 buckler (worn)
Jewellery
 o - a ring of protection from cold (left hand)
Wands
 n - a wand of iceblast (9)
Scrolls
 e - 3 scrolls of vulnerability {unknown}
 f - a scroll of fog {unknown}
 g - a scroll of blinking {unknown}
 i - 2 scrolls of teleportation {unknown}
 j - a scroll of fear {unknown}
 m - a scroll of amnesia {unknown}
Potions
 d - a potion of might
 h - 2 potions of curing {unknown}
 k - a potion of haste
 l - a potion of flight {unknown}


   Skills:
 + Level 3.4 Fighting
 * Level 2.9 Long Blades
 + Level 3.1 Armour
 + Level 1.1 Dodging
 + Level 3.2 Shields
 * Level 3.3 Invocations


You had 4 spell levels left.
You didn't know any spells.
Your spell library contained the following spells:

 Spells                   Type           Power      Damage    Failure   Level
 Sting                    Tmut/Pois      0%         1d3       83%         1
 Poisonous Vapours        Pois/Air       0%         N/A       92%         2
 Olgreb's Toxic Radiance  Pois           0%         N/A       100%        4


Dungeon Overview and Level Annotations

Branches:
Dungeon (4/15)
 Temple: D:4-7

Altars:
Fedhas
Nemelex Xobeh
Okawaru
Qazlal
Ru


Innate Abilities, Weirdness & Mutations

You are partially covered in yellow scales. (AC +2)
You sometimes gain a little power by taking damage.


Message History

You kill the hobgoblin!
Qazlal accepts your kill.
A giant cockroach comes into view.
A goblin comes into view. It is wielding a +0 club.
The goblin shouts!
You hear a bark!
A gnoll comes into view. It is wielding a +0 halberd.
Things that are here:
a +0 flail; a hobgoblin corpse; a gnoll corpse 2 gnolls come into view.
The gnoll shouts! x2
You miss the goblin. You block the goblin's attack.
A quokka comes into view.
You block the goblin's attack.
You slash the goblin!
You kill the goblin!
Qazlal accepts your kill.
Found a sacrificial altar of Ru.
The gnoll hits you from afar with a +0 halberd.
You block the gnoll's attack.
You see here a +0 club.
You completely miss the giant cockroach.
The gnoll hits you but does no damage. The gnoll hits you with a +0 flail.
* * * LOW HITPOINT WARNING * * *
You block the giant cockroach's attack.
You completely miss the giant cockroach.
The giant cockroach bites you.
* * * LOW HITPOINT WARNING * * *
The gnoll is engulfed in freezing vapours.
You kill the gnoll!
Qazlal accepts your kill. You block the gnoll's attack.
The gnoll hits you with a +0 flail.
* * * LOW HITPOINT WARNING * * *
The gnoll hits you but does no damage.
The giant cockroach bites you but does no damage.
Unknown command.
You slash the giant cockroach!
You kill the giant cockroach!
Qazlal accepts your kill. The gnoll hits you with a +0 flail!
You die...

##.)###.# .§§..
#..####.. _≈§..
#.#......
§≈§..###########...#####
§§...............### #
.........######.## #
........# #....# #
.....g○.####.#### ####
#.rg@.##..########.<.
....####†#..###.......##
. #.)....#.#######
...)....##.<..#
≈≈B≈.#### .#.... .≈≈..
.####. .≈_≈ ## # .≈.≈ #
≈≈. #


You could see 2 gnolls and a quokka.

Vanquished Creatures
  A scorpion (D:4)
  2 gnolls (D:4)
  2 adders
  A worm (D:3)
  2 dart slugs
  7 orcs (D:3)
  7 endoplasms
  3 giant cockroaches
  5 goblins
  9 hobgoblins
  5 kobolds
  4 ball pythons
  2 bats (D:2)
  6 frilled lizards
  4 rats
60 creatures vanquished.

Notes
Turn   | Place    | Note
-------+----------+-------------------------------------------
     0 | D:1      | HallandMoats the Demonspawn Fighter began the quest for the
                  | Orb.
     0 | D:1      | Reached XP level 1. HP: 18/18 MP: 1/1
   519 | D:1      | Reached skill level 1 in Invocations
   519 | D:1      | Gained mutation: You sometimes gain a little power by
                  | taking damage. [demonic ancestry]
   519 | D:1      | Reached XP level 2. HP: 19/24 MP: 2/2
   636 | D:1      | Found a faded altar of an unknown god.
  1117 | D:1      | Prayed at the altar of an unknown god.
  1117 | D:1      | Became a worshipper of Qazlal Stormbringer
  1117 | D:1      | Reached * piety under Qazlal
  1446 | D:2      | Gained mutation: You are partially covered in yellow
                  | scales. (AC +2) [demonic ancestry]
  1446 | D:2      | Reached XP level 3. HP: 29/29 MP: 4/4
  1842 | D:3      | Found a sparkling altar of Nemelex Xobeh.
  2661 | D:3      | Reached XP level 4. HP: 35/35 MP: 5/5
  2673 | D:3      | Found an iron altar of Okawaru.
  2840 | D:4      | Reached ** piety under Qazlal
  2954 | D:4      | Noticed a scorpion
  2957 | D:4      | Found a blossoming altar of Fedhas.
  2959 | D:4      | Killed a scorpion
  2960 | D:4      | Reached skill level 1 in Dodging
  2960 | D:4      | Reached XP level 5. HP: 41/41 MP: 5/7
  2982 | D:4      | Found a sacrificial altar of Ru.
  2985 | D:4      | Slain by a gnoll

Illustrated notes

Levels and vault maps discovered:
D:1:      dpeg_arrival_boxes_within_box, layout_loops_ring,
          basic_ecumenical_altar
D:2:      layout_basic
D:3:      layout_basic, kennysheep_okawaru_gauntlet, lemuel_tele_altar
D:4:      layout_rooms, mainiacjoe_overflow_catwalk, fedhas_altar_2,
          minmay_temple_entry_proselytizer, serial_shops, nicolae_diamond_shop

Skill      XL: |  1  2  3  4 |
---------------+-------------+-----
Long Blades    | 2 |  2.9
Invocations    | 1 2 3 |  3.3
Shields        | 3 |  3.2
Armour         | 3 |  3.1
Dodging        | 1 |  1.1
Fighting       | |  3.4

Action                   |  1- 3 |  4- 6 || total
-------------------------+-------+-------++-------
Melee: Long sword        |   140 |    29 ||   169
  Use: Potion            |       |     1 ||     1
Armor: Scale mail        |    56 |    12 ||    68
Dodge: Dodged            |    55 |    17 ||    72
Block: Buckler           |    36 |    17 ||    53

Table legend: (Time is in decaauts)
 A = Elapsed time spent in this place.
 B = Non-inter-level travel time spent in this place.
 C = Inter-level travel time spent in this place.
 D = Time resting spent in this place.
 E = Time spent auto-exploring this place.
 F = Levels seen in this place.
 G = Mean time per level.
                   A        B        C        D        E       F      G
               +--------+--------+--------+--------+--------+-----+--------+
         Total |   3036 |   2997 |     39 |    170 |   2340 |   4 |  759.0 |
       Dungeon |   3036 |   2997 |     39 |    170 |   2340 |   4 |  759.0 |
               +--------+--------+--------+--------+--------+-----+--------+

Top non-repeatable levels by time:
     D:1: 1201 daAuts
     D:3: 1022 daAuts
     D:2: 646 daAuts
     D:4: 166 daAuts
